 Dungeon Crawl Stone Soup version 0.20.0-8-g6b59dc7 (console) character file.

189 Gottschkopf the Stinger (level 5, 0/24 HPs)
             Began as a Spriggan Venom Mage on June 2, 2017.
             Killed by divine providence
             ... invoked by an orc priest
              (15 damage)
             ... on level 4 of the Dungeon.
             The game lasted 00:12:04 (3685 turns).

Gottschkopf the Stinger (Spriggan Venom Mage)       Turns: 3685, Time: 00:12:05

Health: 0/24       AC:  9    Str:  4    XL:     5   Next: 40%
Magic:  0/11       EV: 18    Int: 18    God:
Gold:   263        SH:  0    Dex: 16    Spells: 5/11 levels left

rFire    . . .     SeeInvis +   e - +1 short sword (protect)
rCold    . . .     Gourm    .   (shield restricted)
rNeg     . . .     Faith    .   x - +0 robe (curse)
rPois    .         Spirit   .   (helmet restricted)
rElec    .         Reflect  .   (no cloak)
rCorr    +         Harm     .   (gloves unavailable)
MR       .....                  (boots unavailable)
Stlth    ++........             (no amulet)
Regen    0.1/turn               t - ring of resist corrosion
MPRegen  0.2/turn               (no ring)

@: protection aura, very quick
A: unfitting armour, see invisible, herbivore 3, speed 3, slow metabolism 2
a: no special abilities


You were on level 4 of the Dungeon.
You were very hungry.

You visited 1 branch of the dungeon, and saw 4 of its levels.

You collected 263 gold pieces.

Inventory:

Hand Weapons
 e - a +1 short sword of protection (weapon)
Missiles
 h - 22 poisoned needles
Armour
 a - a +0 robe
 r - a +0 buckler
 x - a cursed +0 robe (worn)
Jewellery
 j - an uncursed ring of fire
 t - a ring of resist corrosion (left hand)
Scrolls
 d - 2 scrolls of noise {unknown}
 i - 2 scrolls of fog {unknown}
 k - 4 scrolls of teleportation
 l - a scroll of enchant weapon {unknown}
 n - 5 scrolls of identify {unknown}
 q - 2 scrolls of magic mapping {unknown}
 s - a scroll of fear {unknown}
 y - a scroll of immolation {unknown}
 A - a scroll of remove curse {unknown}
 C - a scroll of amnesia {unknown}
Potions
 f - a potion of brilliance {unknown}
 m - 2 potions of curing {unknown}
 o - a potion of agility {unknown}
 p - 3 potions of mutation {unknown}
 u - a potion of magic {unknown}
 v - a potion of might {unknown}
 w - a potion of berserk rage {unknown}
 z - a potion of flight {unknown}
 B - a potion of heal wounds {unknown}
Books
 b - a Young Poisoner's Handbook

   Spells                             Type                      Level
   a - Sting                          Conjuration/Poison           1
   b - Poisonous Vapours              Poison/Air                   2
   c - Mephitic Cloud                 Conjuration/Poison/Air       3
   d - Olgreb's Toxic Radiance        Poison                       4
   e - Venom Bolt                     Conjuration/Poison           5
Comestibles
 c - 2 bread rations
 g - 4 fruits


   Skills:
 - Level 3.0 Dodging
 - Level 3.0 Stealth
 + Level 3.8 Spellcasting
 - Level 0.6 Conjurations
 - Level 2.0 Air Magic
 - Level 5.1 Poison Magic


You had 5 spell levels left.
You knew the following spells:

 Your Spells              Type           Power        Failure   Level  Hunger
a - Sting                 Conj/Pois      ##..         4%          1    None
b - Poisonous Vapours     Pois/Air       ###...       5%          2    ##.....
c - Mephitic Cloud        Conj/Pois/Air  ##......     16%         3    ###....


Dungeon Overview and Level Annotations

Branches:
Dungeon (4/15)
 Temple: D:4-7

Altars:

Annotations:
D:4 Birne's ghost, novice MfSk


Innate Abilities, Weirdness & Mutations

You are very small and have problems with some larger weapons.
You are too small for most types of armour.
You have supernaturally acute eyesight. (SInv)
You are a herbivore.
You cover ground extremely quickly.
You need consume almost no food.


Message History

Aim: an orc priest, wielding a hand axe The sting hits the orc priest.
The orc priest appears unharmed.
Casting: Sting
Confirm with . or Enter, or press ? or * to list all spells.
Aiming: Sting
Press: ? - help, Shift-Dir - straight line, f/p - orc priest
Aim: an orc priest, wielding a hand axe The sting hits the orc priest.
The orc priest is poisoned.
The orc priest is moderately wounded.
The orc priest completely misses you.
You hit the orc priest.
Your weapon exudes an aura of protection.
The orc priest is heavily wounded.
The orc priest closely misses you.
The orc wizard mumbles some strange words.
The orc wizard flickers and vanishes for a moment.
The orc priest mumbles some strange prayers to Beogh against you.
Beogh smites you!
Ouch! That really hurt!
You die...

. ##.....# .##
..o###..##o.##
#...
.ooo.o#####..#
##... ....###
##.####..... .#o
#.o#....# ... ...
# ##oo...# ##..#
..# ##.....#
#..###..
#......###..##..#
#....@.##..# #..#
####.......###..#
##...........#
##..........######
##.######......>#
#..# #...#...#
#..# #...#...#
#..# #.......#
#### ##.......#


You could see an orc priest, an orc wizard (invisible) and 2 orcs.

Vanquished Creatures
  A hound (D:4)
  4 gnolls (D:4)
  2 adders
  An ooze (D:1)
  An adder skeleton (D:4)
  2 worms
  3 dart slugs
  2 leopard geckos
  7 orcs
  4 giant cockroaches
  13 goblins
  5 hobgoblins
  7 jackals
  10 kobolds
  A quokka (D:2)
  4 bats
  3 frilled lizards
  A leopard gecko skeleton (D:4)
  A quokka zombie (D:4)
  4 rats
76 creatures vanquished.

Notes
Turn   | Place    | Note
-------+----------+-------------------------------------------
     0 | D:1      | Gottschkopf the Spriggan Venom Mage began the quest for the Orb.
     0 | D:1      | Reached XP level 1. HP: 9/9 MP: 5/5
   274 | D:1      | Reached XP level 2. HP: 13/13 MP: 0/6
   356 | D:1      | Learned a level 2 spell: Poisonous Vapours
   510 | D:1      | Reached skill level 4 in Poison Magic
   576 | D:1      | Reached XP level 3. HP: 13/16 MP: 1/8
   662 | D:1      | Learned a level 3 spell: Mephitic Cloud
  1764 | D:2      | Reached XP level 4. HP: 21/21 MP: 6/9
  1870 | D:2      | Reached skill level 1 in Air Magic
  2931 | D:4      | Reached skill level 5 in Poison Magic
  3369 | D:4      | Reached XP level 5. HP: 24/24 MP: 6/10
  3450 | D:4      | Noticed Birne's ghost (novice MfSk)
  3685 | D:4      | Killed from afar by an orc priest

Skill      XL: |  1  2  3  4  5 |
---------------+----------------+-----
Poison Magic   | 4 5 |  5.1
Air Magic      | 2 |  2.0
Spellcasting   | 3 |  3.8
Dodging        | |  3.0
Stealth        | |  3.0
Conjurations   | |  0.6

Action                   |  1- 3 |  4- 6 || total
-------------------------+-------+-------++-------
Melee: Unarmed           |     3 |       ||     3
       Short sword       |    39 |    38 ||    77
 Cast: Sting             |    88 |    76 ||   164
       Poisonous Vapours |     3 |     2 ||     5
       Mephitic Cloud    |       |     2 ||     2
  Use: Scroll            |       |     1 ||     1
 Stab: Sleeping          |       |     1 ||     1
Armor: Robe              |    11 |     5 ||    16
Dodge: Dodged            |    52 |    48 ||   100
